 Dungeon Crawl Stone Soup version 0.31.0-32-g396128a36d (webtiles) character file.

Game seed: 643500493262347339

94 ChrisAssaf the Magician (level 4, 0/32 HPs)
             Began as a Djinni Alchemist on Mar 29, 2024.
             Slain by a ribbon worm (2 damage)
             ... on level 2 of the Dungeon.
             The game lasted 00:08:24 (1645 turns).

ChrisAssaf the Magician (Djinni Alchemist)          Turns: 1645, Time: 00:08:25

Health: 0/32       AC:  2    Str:  7    XL:     4   Next: 94%
Gold:   73         EV: 13    Int: 19    God:
                   SH:  5    Dex: 19

rFire   + + .        b - +0 great sword
rCold   x . .        (shield currently unavailable)
rNeg    . . .        a - +0 robe
rPois   ∞            (no helmet)
rElec   .            (no cloak)
rCorr   .            (no gloves)
SInv    .            (boots unavailable)
Will    .....        f - amulet of reflection
Stlth   ++           d - +6 ring of dexterity
HPRegen 0.25/turn    (no ring)
MPRegen 0.00/turn

%: reflection, infuse magic (-1 HP)
@: flying, very slightly contaminated
A: sickness immunity, fire resistance 2, cold vulnerability 1, float, innate
caster, HP casting, extra vitality 1
a: no special abilities


You were on level 2 of the Dungeon.
You visited 1 branch of the dungeon, and saw 2 of its levels.

You collected 73 gold pieces.

Inventory:

Hand Weapons
 b - a +0 great sword (weapon)
Armour
 a - a +0 robe (worn)
Jewellery
 d - a +6 ring of dexterity (left hand)
 f - an amulet of reflection (around neck)
Potions
 c - a potion of cancellation


   Skills:
 * Level 1.3 Fighting
 * Level 1.3 Armour
 * Level 3.0 Dodging
 * Level 2.2 Stealth
 * Level 3.4 Spellcasting
 * Level 3.4 Conjurations
 * Level 3.4 Hexes
 * Level 3.4 Summonings
 * Level 3.4 Necromancy
 * Level 3.4 Translocations
 * Level 3.4 Fire Magic
 * Level 3.4 Ice Magic
 * Level 3.4 Air Magic
 * Level 3.4 Earth Magic
 * Level 3.4 Alchemy


You knew the following spells:

 Your Spells              Type           Power      Damage    Failure   Level
a - Sting                 Conj/Alch      64%        1d7       3%          1
b - Mercury Vapours       Alch/Air       32%        N/A       5%          2
c - Mephitic Cloud        Conj/Alch/Air  16%        N/A       11%         3
d - Olgreb's Toxic Radia  Alch           16%        N/A       34%         4
e - Sticky Flame          Fire/Alch      16%        2d5       34%         4
f - Summon Small Mammal   Summ           64%        N/A       3%          1
Your spell library was empty.

Dungeon Overview and Level Annotations

Branches:
Dungeon (2/15)

Altars:


Innate Abilities, Weirdness & Mutations

You are immune to sickness and miasma.
You are immune to poison.
Your flesh is very heat resistant. (rF++)
You are vulnerable to cold. (rC-)
You float through the air rather than walking.
You learn spells naturally, not from books.
Your magical power is your life essence.
You have superior vitality. (+4 MHP)


Message History

The sticky flame hits the ball python!
You kill the ball python!
The ribbon worm seems less confused.
The ribbon worm expels a string of sticky webbing.
The stream of webbing hits you but does no damage.
You are caught in a web!
Casting: Sticky Flame (extremely dangerous; 34% risk of failure)
Confirm with . or Enter, or press ? or * to list all spells.
Okay, then.
The web tears apart.
The ribbon worm bites you. The ribbon worm bites you.
You barely miss the ribbon worm. The ribbon worm barely misses you.
You hit the ribbon worm but do no damage.
The ribbon worm bites you! The ribbon worm barely misses you.
Casting: Sticky Flame (extremely dangerous; 34% risk of failure)
Confirm with . or Enter, or press ? or * to list all spells.
Aiming: Sticky Flame (extremely dangerous; 34% risk of failure)
Press: ? - help, Shift-Dir - straight line, f - ribbon worm
Aim: a ribbon worm You miscast Sticky Flame.
You are very lightly contaminated with residual magic.
Fire whirls out from your hands. You resist.
* * * LOW HITPOINT WARNING * * *
x2 The ribbon worm barely misses you.
Okay, then.
The ribbon worm expels a string of sticky webbing.
The stream of webbing hits you but does no damage.
You are caught in a web!
There is a web here.
The web tears apart.
The ribbon worm attacks as it pursues you!
You block the ribbon worm's attack.
The ribbon worm attacks as it pursues you!
The ribbon worm bites you!
* * * LOW HITPOINT WARNING * * *
You aren't carrying any scrolls.
Unknown command.
The ribbon worm bites you.
You die...

##...#.....#.#.#
##'#########.#.#..
......# #.#.#.#
....### #.#.#.# #
....# #.#.#.# .#
....# #.#.#.##..#
....#
######.#'#.....#
....# #..........#
....# #.........@#
...## #........w.#
...# #..........#
...# #..........#
.### ############
.# .# .# †#


You could see a ribbon worm.

Vanquished Creatures
  Robin (D:2)
  An adder (D:2)
  A ribbon worm (D:2)
  A dart slug (D:1)
  3 endoplasms (D:2)
  4 giant cockroaches
  9 hobgoblins
  2 jackals (D:1)
  A quokka (D:1)
  9 ball pythons
  5 bats
  A frilled lizard (D:1)
  15 goblins
  3 kobolds
  4 rats (D:1)
60 creatures vanquished.

Vanquished Creatures (collateral kills)
  2 endoplasms (D:1)
  A jackal (D:1)
3 creatures vanquished.

Grand Total: 63 creatures vanquished

Notes
Turn   | Place    | Note
-------+----------+-------------------------------------------
     0 | D:1      | ChrisAssaf the Djinni Alchemist began the quest for the
                  | Orb.
     0 | D:1      | ChrisAssaf set off with the following spells memorised:
                  | Sting, Mercury Vapours, Mephitic Cloud, Olgreb's Toxic
                  | Radiance, Sticky Flame.
     0 | D:1      | Reached XP level 1. HP: 15/15 MP: 0/0
   137 | D:1      | Reached XP level 2. HP: 21/21 MP: 0/0
   338 | D:1      | Reached XP level 3. HP: 24/26 MP: 0/0
   338 | D:1      | Learned a level 1 spell: Summon Small Mammal
   682 | D:1      | You are sucked into a shaft and drop 1 floor!
  1080 | D:2      | Noticed Robin
  1104 | D:1      | Reached skill level 1 in Fighting
  1104 | D:1      | Reached skill level 1 in Armour
  1170 | D:2      | Reached XP level 4. HP: 24/32 MP: 0/0
  1231 | D:2      | Killed Robin
  1645 | D:2      | Slain by a ribbon worm

Illustrated notes

Levels and vault maps discovered:
D:1:      lemuel_arrival_room, layout_basic, minmay_misc_feat_secret_circle
D:2:      layout_basic, minmay_domino_4, uniq_robin

Skill      XL: |  1  2  3  4 |
---------------+-------------+-----
Stealth        | 2 |  2.2
Fighting       | 1 |  1.3
Armour         | 1 |  1.3
Dodging        | 3 |  3.0
Spellcasting   | |  3.4
Conjurations   | |  3.4
Hexes          | |  3.4
Summonings     | |  3.4
Necromancy     | |  3.4
Translocations | |  3.4
Fire Magic     | |  3.4
Ice Magic      | |  3.4
Air Magic      | |  3.4
Earth Magic    | |  3.4
Alchemy        | |  3.4

Action                     |  1- 3 |  4- 6 || total
---------------------------+-------+-------++-------
  Melee: Great sword       |       |     6 ||     6
         Unarmed           |       |     1 ||     1
   Cast: Sting             |    14 |     4 ||    18
         Mercury Vapours   |    25 |     3 ||    28
         Mephitic Cloud    |     6 |     2 ||     8
         Summon Small Mamm |     6 |       ||     6
         Olgreb's Toxic Ra |       |     4 ||     4
         Sticky Flame      |       |     4 ||     4
    Use: Scroll            |     5 |       ||     5
         Potion            |     1 |       ||     1
   Stab: Confused          |       |     2 ||     2
         Sleeping          |       |     1 ||     1
 Armour: Robe              |    18 |    14 ||    32
  Dodge: Dodged            |    44 |    13 ||    57
  Block: Other             |     5 |     5 ||    10
